 Dungeon Crawl Stone Soup version 0.30.0-5-g1a98f26d00 (webtiles) character file.

Game seed: 3502423546517769860

2994 Monkooky the Artisan of Death (level 9, -6/56 HPs)
             Began as an Octopode Delver on May 9, 2023.
             Was a Priest of Kikubaaqudgha.
             Mangled by Grum
             ... wielding a +1 spear
              (12 damage)
             ... on level 8 of the Dungeon.
             The game lasted 00:28:23 (7343 turns).

Monkooky the Artisan of Death (Octopode Delver)     Turns: 7343, Time: 00:28:23

Health: -6/56      AC:  4    Str: 11    XL:     9   Next: 83%
Magic:  1/13       EV: 18    Int: 19    God:    Kikubaaqudgha [***...]
Gold:   334        SH:  5    Dex: 13    Spells: 4/14 levels left

rFire   . . .        h - +4 dagger
rCold   . . .        (no shield)
rNeg    . . .        m - +3 crown of Dyrovepreva {rElec Int+2 SInv}
rPois   .            y - amulet of reflection
rElec   +            l - +5 ring of evasion
rCorr   .            (no ring)
SInv    +            (no ring)
Will    .....        (no ring)
Stlth   ++++         (no ring)
HPRegen 0.29/turn    (no ring)
MPRegen 0.13/turn    (no ring)
                     (no ring)

%: reflection
@: animating dead
A: almost no armour, amphibious, 8 rings, camouflage 1, gelatinous body 1,
(nimble swimmer 1), tentacles
a: Renounce Religion, Unearth Wretches


You were on level 8 of the Dungeon.
You worshipped Kikubaaqudgha.
Kikubaaqudgha was most pleased with you.
You visited 2 branches of the dungeon, and saw 9 of its levels.

You collected 334 gold pieces.

Inventory:

Hand Weapons
 a - a +0 short sword
 h - a +4 dagger (weapon)
Missiles
 r - 4 atropa-tipped darts
 s - 27 poisoned darts (quivered)
 E - a throwing net
Armour
 m - the +3 crown of Dyrovepreva (worn) {rElec Int+2 SInv}
   (You acquired it on level 4 of the Dungeon)

   Int:       It affects your intelligence (+2).
   rElec:     It insulates you from electricity.
   SInv:      It lets you see invisible.
Jewellery
 l - a +5 ring of evasion (left tentacle)
 y - an amulet of reflection (around mantle)
Wands
 f - a wand of digging (3)
 C - a wand of flame (58)
 D - a wand of charming (1)
Scrolls
 b - a scroll of fog
 c - 2 scrolls of magic mapping
 d - a scroll of fear
 g - a scroll of identify
 o - a scroll of noise {unknown}
 v - 2 scrolls of brand weapon {unknown}
 x - a scroll of acquirement
 z - a scroll of butterflies {unknown}
 B - a scroll of immolation {unknown}
 F - a scroll of teleportation
Potions
 e - a potion of haste
 i - 2 potions of flight {unknown}
 j - 2 potions of invisibility {unknown}
 k - 4 potions of mutation {unknown}
 n - 2 potions of resistance
 p - 3 potions of curing
 q - a potion of cancellation {unknown}
 t - a potion of heal wounds {unknown}
 u - a potion of magic {unknown}
 w - a potion of brilliance {unknown}
 A - 2 potions of lignification {unknown}


   Skills:
 - Level 3.0 Fighting
 - Level 2.0 Short Blades
 - Level 2.0 Dodging
 - Level 7.2 Stealth
 - Level 7.1 Unarmed Combat
 * Level 3.2 Spellcasting
 * Level 9.2 Necromancy
 - Level 2.3 Transmutations
 - Level 4.2 Poison Magic


You had 4 spell levels left.
You knew the following spells:

 Your Spells              Type           Power      Damage    Failure   Level
a - Spider Form           Tmut/Pois      15%        N/A       12%         3
b - Vampiric Draining     Necr           38%        2d8       1%          3
c - Animate Dead          Necr           38%        N/A       3%          4

Your spell library contained the following spells:

 Spells                   Type           Power      Damage    Failure   Level
 Necrotise                Necr           100%       1d9       1%          1
 Kiss of Death            Conj/Necr      80%        2d11      2%          1
 Beastly Appendage        Tmut           22%        N/A       6%          1
 Wereblood                Tmut           11%        N/A       9%          2
 Magic Dart               Conj           12%        1d3       16%         1
 Blink                    Tloc           6%         N/A       22%         2
 Lesser Beckoning         Tloc           6%         N/A       22%         2
 Momentum Strike          Conj/Tloc      6%         3d8       22%         2
 Searing Ray              Conj           6%         2d4       22%         2
 Anguish                  Hex/Necr       10%        N/A       22%         4
 Fulminant Prism          Conj/Hex       1%         3d5       83%         4
 Agony                    Necr           38%        N/A       10%         5
 Death Channel            Necr           19%        N/A       45%         6
 Simulacrum               Ice/Necr       10%        N/A       98%         6


Dungeon Overview and Level Annotations

Branches:
Dungeon (8/15)             Temple (1/1) D:5
   Lair: D:8-11

Altars:
Cheibriados
Gozag
Kikubaaqudgha
Okawaru
Qazlal
Ru
Trog
Uskayaw
Vehumet
Wu Jian

Shops:
D:1 :   D:2 :

Annotations:
D:8 Grum


Innate Abilities, Weirdness & Mutations

You cannot wear most types of armour.
You are amphibious.
You can wear up to eight rings at the same time.
Your skin changes colour to match your surroundings (Stealth+).
Your rubbery body absorbs attacks. (AC +1, EV +1)
((You are camouflaged when in or above water. (Stealth+)))
You have tentacles for arms and can constrict up to eight enemies at once.


Message History

Press: ? - help, Shift-Dir - straight line, f - wolf
Aim: a wolf (moderately wounded, constricted by you)
You draw life force from the wolf.
You feel life coursing into your body.
You constrict the wolf. The wolf bites you.
Grum hits you from afar with a +1 spear!
Unknown command.
Casting: Vampiric Draining (safe; 1% risk of failure)
Confirm with . or Enter, or press ? or * to list all spells.
Aiming: Vampiric Draining (safe; 1% risk of failure)
Press: ? - help, Shift-Dir - straight line, f/p - wolf
Aim: a wolf (heavily wounded, constricted by you)
You draw life force from the wolf.
You feel life coursing into your body.
You constrict the wolf. The wolf bites you. You block Grum's attack.
The wolf bites you.
Unknown command.
Casting: Vampiric Draining (safe; 1% risk of failure)
Confirm with . or Enter, or press ? or * to list all spells.
Aiming: Vampiric Draining (safe; 1% risk of failure)
Press: ? - help, Shift-Dir - straight line, f/p - wolf
Aim: a wolf (severely wounded, constricted by you)
You draw life force from the wolf!
You kill the wolf!
Kikubaaqudgha accepts your kill.
You feel life coursing into your body.
The dead are walking!
Grum completely misses you.
A wight comes into view. It is wielding a +3 scimitar.
You block Grum's attack.
You hit Grum. Your grab misses Grum. Your squeeze misses Grum.
Grum is lightly wounded.
Grum hits you with a +1 spear!
You barely miss Grum. You grab Grum. You squeeze Grum!
Grum is moderately wounded.
You constrict Grum, but do no damage.
Grum stares intently and grunts.
Grum hits you with a +1 spear!!
* * * LOW HITPOINT WARNING * * *
You release your grip on Grum.
Grum attacks as you move away! Grum hits you with a +1 spear!
You die...
Kikubaaqudgha rasps: "You have failed me!
Welcome... death!"

#....##
#.....####
#........##
#<.......>#
#..........
###.######
#.# #.#####


#Z@ghh# #####z# You could see Grum (ally target), 2 wolves, a wight and a
friendly wolf zombie.

Vanquished Creatures
  Maggie (D:7)
  Prince Ribbit (D:7)
  A water moccasin (Temple)
  Duvessa (D:7)
  2 orc warriors
  4 black bears
  A wolf (D:8)
  An ice beast (D:6)
  2 ogres
  A centaur (D:6)
  A kobold brigand (D:7)
  4 scorpions
  Dowan (D:7)
  An electric eel (D:7)
  A howler monkey (D:5)
  5 jellies
  4 hounds
  2 orc priests
  2 sleepcaps
  4 iguanas
  2 orc wizards (D:7)
  8 gnolls
  6 adders
  A shadow imp (D:5)
  An ufetubus (D:7)
  A dart slug (D:1)
  20 orcs
  An endoplasm (D:3)
  3 giant cockroaches (D:3)
  6 hobgoblins
  11 kobolds
  9 quokkas
  4 ball pythons
  4 bats (D:3)
  A frilled lizard (D:3)
  5 goblins
  A kobold zombie (D:7)
  6 rats
130 creatures vanquished.

Vanquished Creatures (collateral kills)
  Blork the orc (D:6)
  A scorpion (D:5)
  A hound (D:6)
  An orc (D:6)
4 creatures vanquished.

Vanquished Creatures (others)
  A black bear zombie (D:6)
  4 kobold zombies (D:7)
  3 orc zombies (D:7)
8 creatures vanquished.

Grand Total: 142 creatures vanquished

Notes
Turn   | Place    | Note
-------+----------+-------------------------------------------
     0 | D:5      | Monkooky the Octopode Delver began the quest for the Orb.
     0 | D:5      | Reached XP level 1. HP: 16/16 MP: 1/1
   121 | D:4      | Noticed a hound
   121 | D:4      | Noticed a jelly
   139 | D:4      | Found an ancient bone altar of Kikubaaqudgha.
   144 | D:4      | Became a worshipper of Kikubaaqudgha
   220 | D:1      | Found Ipsecry's Book Shoppe.
   499 | D:1      | Reached XP level 2. HP: 21/21 MP: 2/2
  1240 | D:2      | Reached skill level 1 in Spellcasting
  1240 | D:2      | Reached XP level 3. HP: 26/26 MP: 2/5
  1382 | D:2      | Found Toladd's Vocational Training.
  1851 | D:3      | Reached * piety under Kikubaaqudgha
  1851 | D:3      | Received a gift from Kikubaaqudgha
  1852 | D:3      | Reached skill level 1 in Poison Magic
  1917 | D:3      | Found an opulent altar of Gozag.
  2444 | D:3      | Reached skill level 1 in Transmutations
  2444 | D:3      | Reached XP level 4. HP: 31/31 MP: 6/6
  2504 | D:3      | Found an iron altar of Okawaru.
  2623 | D:3      | Learned a level 3 spell: Spider Form
  2722 | D:4      | Reached XP level 5. HP: 34/36 MP: 0/7
  3106 | D:4      | Found an ornate altar of the Wu Jian Council.
  3211 | D:4      | Learned a level 3 spell: Vampiric Draining
  3311 | D:4      | Found a stormy altar of Qazlal.
  3408 | D:4      | Reached skill level 1 in Necromancy
  3657 | D:4      | Reached skill level 2 in Necromancy
  3657 | D:4      | Reached XP level 6. HP: 42/42 MP: 8/8
  3816 | D:5      | Noticed an orc warrior
  3869 | D:5      | Killed an orc warrior
  3870 | D:5      | Reached skill level 3 in Necromancy
  3986 | D:5      | Found a staircase to the Ecumenical Temple.
  4010 | D:5      | Noticed a water moccasin
  4010 | D:5      | Noticed a black bear
  4042 | D:5      | Reached skill level 4 in Necromancy
  4042 | D:5      | Reached XP level 7. HP: 31/46 MP: 9/9
  4123 | Temple   | Entered the Ecumenical Temple
  4220 | D:5      | Reached skill level 5 in Necromancy
  4298 | D:5      | Identified 2 scrolls of acquirement
  4298 | D:5      | Reached ** piety under Kikubaaqudgha
  4299 | D:5      | Reached skill level 6 in Necromancy
  4401 | D:4      | Acquired the +3 crown of Dyrovepreva {rElec Int+2 SInv}
  4401 | D:4      | Found the +3 crown of Dyrovepreva {rElec Int+2 SInv}
  4515 | D:5      | Reached XP level 8. HP: 42/52 MP: 4/12
  4653 | D:5      | Learned a level 4 spell: Animate Dead
  4739 | D:5      | Reached skill level 7 in Necromancy
  4823 | D:5      | Found a snail-covered altar of Cheibriados.
  5072 | D:6      | Reached skill level 8 in Necromancy
  5140 | D:6      | Noticed Blork the orc
  5152 | D:6      | Killed Blork the orc
  5256 | D:6      | Reached skill level 1 in Unarmed Combat
  5696 | D:6      | Reached XP level 9. HP: 56/56 MP: 13/13
  5992 | D:7      | Noticed Prince Ribbit
  6535 | D:7      | Reached skill level 5 in Unarmed Combat
  6720 | D:7      | Reached *** piety under Kikubaaqudgha
  6720 | D:7      | Received a gift from Kikubaaqudgha
  6804 | D:7      | Noticed Maggie
  6815 | D:7      | Killed Maggie
  6827 | D:7      | Noticed Duvessa
  6899 | D:7      | Killed Duvessa
  6907 | D:7      | Noticed Dowan
  6918 | D:7      | Killed Dowan
  7105 | D:7      | Found a sacrificial altar of Ru.
  7105 | D:7      | Found a radiant altar of Vehumet.
  7303 | D:7      | Killed Prince Ribbit
  7304 | D:7      | Reached skill level 9 in Necromancy
  7332 | D:8      | Noticed Grum
  7343 | D:8      | Mangled by Grum

Illustrated notes

Levels and vault maps discovered:
D:1:      wander_arrival_estate, layout_loops_ring, serial_shops,
          nicolae_shop_peninsula, amcnicky_mini_pool_small, serial_bayou_pond_c
D:2:      layout_basic, nicolae_shop_vocational
D:3:      layout_basic, lemuel_coloured_pillars_altar,
          mainiacjoe_overflow_boulevard, corner_web_ring
D:4:      layout_gridville, nicolae_kikubaaqudgha_miasma_corner,
          mainiacjoe_overflow_tiny_flanked, nzn_wu_jian_contemplation
D:5:      layout_basic, marbit_many_paths, minmay_temple_entry_sparse_star
D:6:      layout_basic, nicolae_eternal_life, chequers_serial_rivers_small_a,
          uniq_blork_the_orc
D:7:      layout_gridville, gammafunk_temple_overflow_elements,
          serial_bayou_lagoon_a, uniq_maggie, uniq_prince_ribbit1, uniq_duvessa
D:8:      minmay_chambers_of_sixes, layout_loops_ring, kennysheep_mini,
          uniq_grum, uniq_amaemon
Temple:   hc_temple_tempest_star

Skill      XL: |  1  2  3  4  5  6  7  8  9 |
---------------+----------------------------+-----
Stealth        | 7 |  7.2
Spellcasting   | 1 3 |  3.2
Poison Magic   | 1 3 4 |  4.2
Transmutations | 1 2 |  2.3
Necromancy     | 2 4 6 8 9 |  9.2
Unarmed Combat | 3 7 |  7.1
Fighting       | |  3.0
Short Blades   | |  2.0
Dodging        | |  2.0

Action                     |  1- 3 |  4- 6 |  7- 9 || total
---------------------------+-------+-------+-------++-------
  Melee: Dagger            |    64 |    61 |   167 ||   292
         Short sword       |     9 |       |       ||     9
         Tentacles         |    14 |    14 |    43 ||    71
         Constrict         |    15 |    11 |    43 ||    69
         Punch             |       |     2 |     9 ||    11
         Unarmed           |       |    39 |    40 ||    79
  Throw: Dart              |       |     3 |    10 ||    13
   Cast: Spider Form       |       |     6 |     5 ||    11
         Vampiric Draining |       |       |    21 ||    21
         Animate Dead      |       |       |     6 ||     6
Ability: End Transformatio |       |     1 |     1 ||     2
  Evoke: Wand              |       |       |     3 ||     3
    Use: Scroll            |       |       |     8 ||     8
         Potion            |       |       |     2 ||     2
   Stab: Sleeping          |    18 |     6 |     8 ||    32
         Distracted        |     1 |       |     2 ||     3
         Invisible         |       |     2 |     1 ||     3
 Armour: Skin              |     2 |     3 |    16 ||    21
  Dodge: Dodged            |    30 |    58 |   158 ||   246
  Block: Other             |     5 |    20 |    46 ||    71
         Reflection        |       |       |     3 ||     3
